 Dungeon Crawl Stone Soup version 0.29.1-2-gbd0b4ee654 (webtiles) character file.

Game seed: 4910781316486106621

9900 Mune the Spear-Bearer (level 11, -4/104 HPs)
             Began as a Purple Draconian Berserker on Nov 25, 2022.
             Was a Priest of Trog.
             Slain by a raiju (7 damage)
             ... on level 1 of the Abyss.
             The game lasted 00:46:08 (11378 turns).

Mune the Spear-Bearer (Purple Draconian Berserker) Turns: 11378, Time: 00:46:09

Health: -4/104     AC: 13    Str: 23    XL:     11   Next: 29%
Magic:  11/11      EV: 16    Int:  7    God:    Trog [***...]
Gold:   653        SH:  0    Dex: 12    Spells: 10/10 levels left

rFire   . . .      SeeInvis .   e - +1 spear (freeze)
rCold   . . .      Faith    +   z - orb {light}
rNeg    . . .      Spirit   .   (body armour unavailable)
rPois   .          Reflect  .   (helmet restricted)
rElec   .          Harm     .   (no cloak)
rCorr   .          Rampage  .   M - +1 pair of gloves
Will    +++..                   (no boots)
Stlth   +.........              E - amulet of faith
HPRegen 1.27/turn               H - +4 ring of evasion
MPRegen 0.12/turn               T - +4 ring of protection

@: about to teleport, short of breath, strong-willed (expiring), on berserk
cooldown, regenerating (expiring), slowed, glowing, very slow
A: breathe power, AC +7, unfitting armour, cold-blooded
a: Breathe Dispelling Energy, Renounce Religion, Berserk, Trog's Hand


You were on level 1 of the Abyss.
You worshipped Trog.
Trog was most pleased with you.
You visited 1 branch of the dungeon, and saw 11 of its levels.
You visited the Abyss 1 time.
You also visited: Sewer.

You collected 653 gold pieces.

Inventory:

Hand Weapons
 a - a +2 vorpal trident
 c - a +0 dagger of venom
 e - a +1 spear of freezing (weapon)
 g - a +2 spear of electrocution
 i - a +0 short sword of electrocution
 k - a +0 spear
 r - the +8 demon blade "Leech" {vamp, Harm Drain rN+}
   (You found it on level 8 of the Dungeon)

   It heals its wielder for a portion of the damage dealt every time it strikes
   a living foe.
   rN:        It protects you from negative energy.
   Drain:     It drains your maximum health when unequipped.
   Harm:      It increases damage dealt and taken.
 s - a +2 sling of flaming
 S - a +2 flail of holy wrath
Missiles
 b - 99 stones (quivered)
 l - 8 boomerangs
 t - 23 poisoned darts
 D - 5 atropa-tipped darts
Armour
 j - a +0 pair of gloves
 y - a +0 chain mail
 z - an orb of light (worn)
 C - a +0 ring mail
 M - a +1 pair of gloves (worn)
 N - a +0 helmet
 Y - a +0 pair of gloves
Magical Staves
 n - a staff of poison
Jewellery
 h - a ring of fire
 m - a ring of flight
 v - the ring of Springtime {rElec EV+4}
   (You found it on level 10 of the Dungeon)

   [ring of evasion]

   EV:        It affects your evasion (+4).
   rElec:     It insulates you from electricity.
 B - a ring of magical power
 E - an amulet of faith (around neck)
 F - a ring of poison resistance
 H - a +4 ring of evasion (left hand)
 T - a +4 ring of protection (right hand)
Wands
 L - a wand of flame (23)
 X - a wand of paralysis (14)
Scrolls
 d - 4 scrolls of fog
 f - 4 scrolls of enchant weapon
 o - a scroll of torment {unknown}
 p - a scroll of vulnerability {unknown}
 q - 5 scrolls of identify
 u - 7 scrolls of poison
 G - a scroll of amnesia {unknown}
 I - a scroll of immolation
 J - 2 scrolls of teleportation
 O - a scroll of blinking {unknown}
 P - 2 scrolls of enchant armour
 R - a scroll of summoning {unknown}
 U - 2 scrolls of fear
 V - 2 scrolls of silence {unknown}
 Z - a scroll of noise
Potions
 w - 3 potions of invisibility
 A - a potion of flight
 K - a potion of might


   Skills:
 + Level 11.8 Fighting
 - Level 3.0(9.7) Axes
 * Level 14.3(14.4) Polearms
 - Level 2.6 Dodging


You had 10 spell levels left.
You didn't know any spells.
Your spell library contained the following spells:

 Spells                   Type           Power      Damage    Failure   Level
 Shock                    Conj/Air       0%         1d3       43%         1
 Ensorcelled Hibernation  Hex/Ice        0%         N/A       56%         2
 Passwall                 Tmut/Erth      0%         N/A       56%         2
 Call Canine Familiar     Summ           0%         N/A       80%         3
 Portal Projectile        Hex/Tloc       0%         N/A       80%         3
 Swiftness                Air            0%         N/A       80%         3
 Airstrike                Air            0%         2d(0-16)  99%         4
 Leda's Liquefaction      Hex/Erth       0%         N/A       99%         4


Dungeon Overview and Level Annotations

Branches:
Dungeon (11/15)            Temple (0/1) D:4            Lair (0/5) D:11
  Sewer (visited)
    Orc: D:9-12

Altars:
Kikubaaqudgha
Nemelex Xobeh
Sif Muna
Uskayaw
Xom
Zin

Shops:
D:6 [

Annotations:
D:11 Erolcha


Innate Abilities, Weirdness & Mutations

You can breathe bolts of dispelling energy.
Your rich purple scales are hard. (AC +7)
You cannot fit into any form of body armour.
You are cold-blooded and may be slowed by cold attacks.


Message History

You feel strong-willed. The raiju bites you. The raiju shocks you!
The bunyip skeleton claws you. The bunyip skeleton claws you!!
The bunyip skeleton barely misses you. The raiju misses you.
You hit the raiju. You freeze the raiju.
The raiju is lightly wounded.
The raiju barely misses you.
You barely miss the raiju. You tail-slap the raiju.
The raiju is lightly wounded.
The raiju bites you. The raiju shocks you!
You closely miss the raiju.
The raiju is lightly wounded.
Aiming: Breathe Dispelling Energy (3% risk of failure)
Press: ? - help, Shift-Dir - straight line, f - bunyip skeleton
Aim: a bunyip skeleton (haloed, 98% to hit)
You breathe a bolt of dispelling energy.
The bolt of dispelling energy hits the bunyip skeleton!
The bunyip skeleton is lightly damaged.
The bunyip skeleton completely misses you.
The bunyip skeleton claws you!
* * * LOW HITPOINT WARNING * * *
The bunyip skeleton claws you!
* * * LOW HITPOINT WARNING * * *
The raiju bites you.
* * * LOW HITPOINT WARNING * * *
The raiju shocks you!
* * * LOW HITPOINT WARNING * * *
The raiju closely misses you.
Okay, then.
As you read the scroll of teleportation, it crumbles to dust.
You feel strangely unstable.
You feel the power of the Abyss delaying your translocation!
You feel the effects of Trog's Hand fading.
The raiju bites you but does no damage.
You hit the raiju but do no damage.
Your tail-slap misses the raiju.
The raiju is lightly wounded.
The raiju bites you.
* * * LOW HITPOINT WARNING * * *
The raiju shocks you!
You die...

. .# # ..# .
###.#... .
##.#..# ...
####.....# .
...###h@.....#
.......Z##....#
....######....#
.... #....# .
###...# .
##.###.# .
#..## . .


You could see a raiju and a bunyip skeleton.

Vanquished Creatures
  Gastronok (D:8)
  A boulder beetle (D:11)
  2 two-headed ogres
  Pikel (D:8)
  An unseen horror (D:11)
  A kobold demonologist (D:9)
  Prince Ribbit (D:8)
  A hornet (D:9)
  2 raiju (Abyss:1)
  2 shadows (D:11)
  2 wyverns (D:11)
  A steam dragon (D:8)
  A basilisk (D:11)
  Menkaure (D:5)
  A water moccasin (D:11)
  2 ice beasts (D:5)
  4 orc warriors
  2 sky beasts
  3 black bears
  4 centaurs
  A lemure (D:8)
  A gnoll sergeant (D:9)
  2 necrophages
  8 bullfrogs
  2 scorpions
  4 wights (D:9)
  6 killer bees
  4 howler monkeys
  A hound (D:4)
  2 jellies
  8 orc priests
  3 iguanas (D:5)
  13 orc wizards
  16 adders
  15 gnolls
  6 river rats (Sewer)
  A white imp (D:8)
  2 ufetubi
  2 worms (D:5)
  A dart slug (D:2)
  26 orcs
  11 endoplasms
  5 giant cockroaches
  4 goblins
  8 hobgoblins
  3 jackals (D:1)
  8 kobolds
  3 quokkas
  20 ball pythons
  4 bats
  6 frilled lizards
  32 rats
  A bush (D:6)
263 creatures vanquished.

Vanquished Creatures (collateral kills)
  A vampire (D:10)
  A bullfrog (Sewer)
  A gnoll sergeant (D:5)
  Crazy Yiuf (D:6)
  4 adders (Sewer)
  2 gnolls (D:5)
  An endoplasm (Sewer)
  A ball python (Sewer)
  A frilled lizard (Sewer)
13 creatures vanquished.

Vanquished Creatures (others)
  6 fungi
  30 plants
36 creatures vanquished.

Grand Total: 312 creatures vanquished

Notes
Turn   | Place    | Note
-------+----------+-------------------------------------------
     0 | D:1      | Mune the Draconian Berserker began the quest for the Orb.
     0 | D:1      | Reached XP level 1. HP: 19/19 MP: 1/1
   165 | D:1      | Reached skill level 1 in Polearms
   271 | D:1      | Reached XP level 2. HP: 26/26 MP: 2/2
   317 | D:1      | Reached skill level 2 in Polearms
   795 | D:1      | Reached XP level 3. HP: 30/31 MP: 3/3
  1257 | D:2      | Reached skill level 3 in Polearms
  1608 | D:2      | Reached XP level 4. HP: 39/39 MP: 4/4
  2003 | D:3      | Found a faded altar of an unknown god.
  2016 | D:3      | Reached ** piety under Trog
  2017 | D:3      | Reached skill level 4 in Polearms
  2438 | D:3      | Reached XP level 5. HP: 45/46 MP: 5/5
  2450 | D:3      | Reached skill level 5 in Polearms
  2856 | D:4      | Noticed a centaur
  2868 | D:4      | Killed a centaur
  2869 | D:4      | Reached XP level 6. HP: 11/52 MP: 6/6
  2984 | D:4      | Found a staircase to the Ecumenical Temple.
  3001 | D:4      | Reached skill level 6 in Polearms
  3307 | D:4      | Your scales start taking on a rich purple colour.
  3307 | D:4      | Reached XP level 7. HP: 58/60 MP: 7/7
  3547 | D:5      | Entered Level 5 of the Dungeon
  3583 | D:5      | Noticed Menkaure
  3590 | D:5      | Killed Menkaure
  3591 | D:5      | Reached skill level 7 in Polearms
  3749 | D:5      | Reached skill level 5 in Fighting
  3749 | D:5      | Reached skill level 8 in Polearms
  3786 | D:5      | Reached XP level 8. HP: 68/68 MP: 8/8
  4234 | D:5      | Reached *** piety under Trog
  4257 | D:5      | Found a glowing drain.
  4261 | Sewer    | Entered a sewer
  4293 | Sewer    | Reached skill level 9 in Polearms
  4452 | Sewer    | Reached **** piety under Trog
  4658 | D:5      | Found a sparkling altar of Nemelex Xobeh.
  4675 | D:5      | Reached skill level 10 in Polearms
  4973 | D:6      | Found Ruliowui's Armour Emporium.
  5859 | D:6      | Found a runed translucent door.
  5860 | D:6      | Noticed Crazy Yiuf
  5867 | D:6      | Killed Crazy Yiuf
  5868 | D:6      | Reached XP level 9. HP: 75/75 MP: 9/9
  6210 | D:7      | Reached skill level 11 in Polearms
  6743 | D:8      | Noticed Prince Ribbit
  6761 | D:8      | Killed Prince Ribbit
  7037 | D:8      | Reached skill level 12 in Polearms
  7212 | D:8      | Noticed Gastronok
  7229 | D:8      | Killed Gastronok
  7230 | D:8      | Reached skill level 13 in Polearms
  7230 | D:8      | Reached XP level 10. HP: 86/86 MP: 10/10
  7385 | D:8      | Found the +8 demon blade "Leech" {vamp, Harm Drain rN+}
  7420 | D:8      | Noticed Pikel
  7428 | D:8      | Killed Pikel
  7593 | D:8      | Found a glowing silver altar of Zin.
  7873 | D:9      | Found a shimmering altar of Xom.
  8564 | D:9      | Paralysed by a hornet for 3 turns
  8604 | D:9      | Reached skill level 10 in Fighting
  8978 | D:10     | Entered Level 10 of the Dungeon
  9378 | D:10     | Found an ancient bone altar of Kikubaaqudgha.
  9392 | D:10     | Found a shimmering blue altar of Sif Muna.
  9566 | D:10     | Found a hide-covered altar of Uskayaw.
  9724 | D:10     | Noticed a two-headed ogre
  9735 | D:10     | Killed a two-headed ogre
 10009 | D:10     | Identified the ring of Springtime {rElec EV+4}
 10169 | D:11     | Noticed a boulder beetle
 10271 | D:11     | Killed a boulder beetle
 10272 | D:11     | Reached XP level 11. HP: 13/102 MP: 11/11
 10958 | D:11     | Reached skill level 14 in Polearms
 11050 | D:11     | Noticed a two-headed ogre
 11058 | D:11     | Killed a two-headed ogre
 11209 | D:11     | Found a staircase to the Lair.
 11256 | D:11     | Noticed Erolcha
 11258 | Abyss:1  | Cast into level 1 of the Abyss (Erolcha)
 11376 | Abyss:1  | HP: 4/104 [raiju (9)]
 11378 | Abyss:1  | Slain by a raiju

Illustrated notes

Levels and vault maps discovered:
D:1:      dpeg_chamrin_arrival_tetris, layout_basic, nicolae_grassy_gnolls
D:2:      layout_basic
D:3:      layout_basic, chequers_ecumenical_altar_simple_redux,
          minmay_statues_item
D:4:      layout_loops_cross, minmay_temple_entry_glassed_door
D:5:      layout_basic, mainiacjoe_overflow_cross_hatched,
          gup_sewer_entry_spiral, uniq_menkaure
D:6:      layout_basic, serial_shops, shop, minmay_misc_feat_rows,
          uniq_crazy_yiuf_cottage
D:7:      layout_loops_cross
D:8:      layout_basic, lemuel_coloured_pillars_altar,
          dreamdust_deal_with_the_devil, minmay_holes, uniq_pikel,
          uniq_prince_ribbit1, uniq_gastronok
D:9:      layout_rooms, mainiacjoe_overflow_tiny_flanked, minivault_1,
          nicolae_underground_beach
D:10:     layout_basic, nicolae_overflow_hidden_temple,
          mainiacjoe_overflow_big_doors
D:11:     layout_roguey, minmay_lair_entry_grove, hangedman_weighted_door,
          kennysheep_generic_room_3, uniq_erolcha
Abyss:1:  base:
D:4

Skill      XL: |  1  2  3  4  5  6  7  8  9 10 11 |
---------------+----------------------------------+-----
Polearms       | 1 2 3 4 5 6 8 10 13 14 | 14.3
Fighting       | 4 5 6 7 11 | 11.8
Axes           | |  3.0
Dodging        | |  2.6

Action                   |  1- 3 |  4- 6 |  7- 9 | 10-12 || total
-------------------------+-------+-------+-------+-------++-------
Melee: Hand axe          |     9 |       |       |       ||     9
       War axe           |    14 |       |       |       ||    14
       Spear             |    87 |   122 |   403 |   170 ||   782
       Tailslap          |    14 |    13 |    80 |    47 ||   154
       Punch             |     3 |       |       |       ||     3
       Demon blade       |       |       |       |    67 ||    67
Invok: Berserk           |     2 |     4 |    11 |    13 ||    30
       Trog's Hand       |       |     3 |     7 |    12 ||    22
       Brothers in Arms  |       |       |     4 |     1 ||     5
 Abil: Breathe Dispellin |       |       |    13 |     8 ||    21
  Use: Potion            |       |       |     3 |    16 ||    19
       Scroll            |       |       |       |    16 ||    16
Armor: Skin              |    22 |    48 |   107 |   104 ||   281
Dodge: Dodged            |    48 |   101 |   287 |   287 ||   723
